 Dungeon Crawl Stone Soup version 0.28.0-43-g3370ac3207 (webtiles) character file.

Game seed: 497764135348795012

2468 Fractals the Fighter (level 9, -16/77 (85) HPs)
             Began as a Minotaur Fighter on Mar 13, 2022.
             Demolished by Maggie
             ... wielding a +2 halberd of draining
              (21 damage)
             ... on level 6 of the Dungeon.
             The game lasted 00:12:06 (6959 turns).

Fractals the Fighter (Minotaur Fighter)             Turns: 6959, Time: 00:12:06

HP:   -16/77 (85)   AC: 12    Str: 27    XL:     9   Next: 26%
MP:   8/8           EV:  8    Int:  5    God:
Gold: 380           SH:  5    Dex: 11    Spells: 8/8 levels left

rFire   . . .      SeeInvis .   A - +6 dagger "Coluaw" {venom, Str+3}
rCold   . . .      Faith    .   c - +0 buckler
rNeg    . . .      Spirit   .   r - +0 plate armour
rPois   .          Reflect  .   (helmet restricted)
rElec   .          Harm     .   (no cloak)
rCorr   .          Rampage  .   (no gloves)
Will    .....                   (no boots)
Stlth   ..........              (no amulet)
HPRegen 0.22/turn               (no ring)
MPRegen 0.11/turn               (no ring)

@: studying Maces & Flails, drained
A: horns 2, retaliatory headbutt
a: no special abilities


You were on level 6 of the Dungeon.
You visited 1 branch of the dungeon, and saw 6 of its levels.

You collected 380 gold pieces.

Inventory:

Hand Weapons
 a - a +0 war axe
 A - the +6 dagger "Coluaw" (weapon) {venom, Str+3}
   (You found it on level 5 of the Dungeon)

   It poisons the flesh of those it strikes.
   Str:       It affects your strength (+3).
 B - a +2 flail of venom
Missiles
 g - 8 javelins (quivered)
 k - 142 stones
Armour
 c - a +0 buckler (worn)
 r - a +0 plate armour (worn)
Wands
 y - a wand of iceblast (18)
 F - a wand of paralysis (13)
Scrolls
 b - a scroll of identify
 j - a scroll of noise {unknown}
 l - 4 scrolls of teleportation
 m - a scroll of magic mapping {unknown}
 n - 2 scrolls of acquirement {unknown}
 o - 2 scrolls of summoning
 q - a scroll of brand weapon {unknown}
 s - 3 scrolls of silence {unknown}
 u - a scroll of enchant weapon {unknown}
 x - a scroll of fog {unknown}
 C - a scroll of fear {unknown}
 D - a scroll of immolation {unknown}
 E - a scroll of enchant armour {unknown}
Potions
 d - 2 potions of might
 e - 2 potions of curing
 f - a potion of lignification {unknown}
 h - 3 potions of mutation {unknown}
 i - a potion of attraction {unknown}
 p - 3 potions of brilliance
 t - a potion of degeneration {unknown}
 v - a potion of invisibility {unknown}
 w - 3 potions of flight {unknown}
 z - a potion of haste {unknown}


   Skills:
 - Level 10.0 Fighting
 + Level 9.5 Axes
 - Level 6.0 Armour
 - Level 4.0 Dodging
 - Level 5.0 Shields


You had 8 spell levels left.
You didn't know any spells.
Your spell library contained the following spells:

 Spells                   Type           Power      Damage    Failure   Level
 Shock                    Conj/Air       0%         1d3       100%        1
 Sting                    Tmut/Pois      0%         1d3       100%        1
 Poisonous Vapours        Pois/Air       0%         N/A       100%        2
 Sublimation of Blood     Necr           0%         N/A       100%        2
 Dazzling Flash           Conj/Hex       0%         N/A       100%        3
 Swiftness                Air            0%         N/A       100%        3
 Airstrike                Air            0%         N/A       100%        4
 Olgreb's Toxic Radiance  Pois           0%         N/A       100%        4
 Petrify                  Tmut/Erth      0%         N/A       100%        4
 Agony                    Necr           0%         N/A       100%        5
 Irradiate                Conj/Tmut      0%         3d13      100%        5
 Silence                  Hex/Air        0%         N/A       100%        5


Dungeon Overview and Level Annotations

Branches:
Dungeon (6/15)
 Temple: D:4-7

Altars:
Sif Muna
Wu Jian

Shops:
D:4 !

Annotations:
D:6 Maggie


Innate Abilities, Weirdness & Mutations

You have a pair of horns on your head.
You reflexively headbutt those who attack you in melee.


Message History

You are mesmerised by Maggie!
The centaur shoots an arrow.
You block the arrow.
You cannot move away from Maggie!
Unknown command.
You cannot move away from Maggie!
The centaur shoots an arrow.
The arrow hits you.
The centaur shoots an arrow.
You block the arrow.
Maggie hits you with a +2 halberd of draining!
You feel drained.
The centaur shoots an arrow.
The arrow hits you.
You hit Maggie. Your headbutt misses Maggie.
Maggie is lightly wounded.
Maggie drinks a potion.
Maggie seems to grow stronger.
The centaur shoots an arrow.
The arrow hits you.
You closely miss Maggie.
Maggie is lightly wounded.
The centaur shoots an arrow.
The arrow hits you.
Maggie hits you with a +2 halberd of draining!
You feel drained.
The centaur shoots an arrow.
The arrow hits you but does no damage.
You hit Maggie.
Maggie is poisoned.
Maggie is lightly wounded.
Maggie hits you with a +2 halberd of draining!!
* * * LOW HITPOINT WARNING * * *
You feel drained.
* * * LOW HITPOINT WARNING * * *
The centaur shoots an arrow.
You block the arrow.
You feel better.
The centaur shoots an arrow.
The arrow hits you.
* * * LOW HITPOINT WARNING * * *
Maggie barely misses you. You furiously retaliate!
You headbutt Maggie!
The centaur shoots an arrow.
The arrow hits you!
* * * LOW HITPOINT WARNING * * *
You feel better.
You break out of your daze.
Maggie barely misses you.
The centaur shoots an arrow.
The arrow hits you.
* * * LOW HITPOINT WARNING * * *
You closely miss Maggie.
Maggie is heavily wounded.
The centaur shoots an arrow.
You block the arrow.
Maggie hits you with a +2 halberd of draining!!
You die...

#.# #.#
#.# #.#
#.######
#......##
#.##.#..#
#.......#
#...@...#
#c#.@.#.#
#.......#
#.......#
#.#...#.#
#.....[.#
#.......#
.#...#.


You could see Maggie (strong, very poisoned) and a centaur.

Vanquished Creatures
  5 yaks (D:5)
  A sky beast (D:5)
  A black bear (D:6)
  2 necrophages
  An ice beast (D:5)
  3 ogres
  The ghost of fragbeetle the Changer, an amateur DrTm (D:4)
  A centaur (D:5)
  2 phantoms (D:6)
  A scorpion (D:5)
  A howler monkey (D:5)
  A centaur zombie (D:5)
  2 jellies (D:5)
  An orc priest (D:4)
  A bullfrog skeleton (D:4)
  A centaur skeleton (D:6)
  3 iguanas (D:5)
  Jessica (D:2)
  A scorpion zombie (D:5)
  3 orc wizards (D:4)
  Robin (D:2)
  3 gnolls (D:4)
  A howler monkey skeleton (D:6)
  8 adders
  A shadow imp (D:5)
  2 white imps
  A worm (D:4)
  7 dart slugs
  18 orcs
  9 ball pythons
  4 bats
  4 endoplasms
  A giant cockroach (D:4)
  13 goblins
  13 hobgoblins
  12 jackals
  6 kobolds
  A quokka (D:1)
  4 frilled lizards (D:1)
  3 rats (D:1)
145 creatures vanquished.

Notes
Turn   | Place    | Note
-------+----------+-------------------------------------------
     0 | D:1      | Fractals the Minotaur Fighter began the quest for the Orb.
     0 | D:1      | Reached XP level 1. HP: 19/19 MP: 0/0
   358 | D:1      | Reached skill level 4 in Fighting
   384 | D:1      | Reached XP level 2. HP: 27/27 MP: 1/1
  1146 | D:2      | Noticed Robin
  1155 | D:2      | Reached XP level 3. HP: 27/34 MP: 2/2
  1438 | D:2      | Killed Robin
  1820 | D:2      | Noticed Jessica
  1825 | D:2      | Killed Jessica
  1826 | D:2      | Reached skill level 5 in Fighting
  1826 | D:2      | Reached skill level 5 in Shields
  1826 | D:2      | Reached XP level 4. HP: 18/42 MP: 3/3
  2170 | D:2      | You fall into a shaft and drop 1 floor!
  2205 | D:3      | Identified the +7 short sword of Zeth {venom, Drain rN++
                  | Dex+6}
  2474 | D:3      | Reached skill level 1 in Dodging
  2797 | D:2      | Found an ornate altar of the Wu Jian Council.
  2835 | D:2      | Identified the ring of Tidiyntu {Fly rC+ rN++ Will- rCorr}
  2955 | D:3      | Reached XP level 5. HP: 47/50 MP: 4/4
  3549 | D:4      | Found a runed translucent gate.
  3549 | D:4      | Found a runed translucent gate.
  3549 | D:4      | Found a runed translucent gate.
  3554 | D:4      | Noticed fragbeetle's ghost (amateur DrTm)
  3573 | D:4      | Reached XP level 6. HP: 33/57 MP: 5/5
  4189 | D:4      | Found Risepho's Distillery.
  4234 | D:4      | Found a shimmering blue altar of Sif Muna.
  4471 | D:4      | Killed fragbeetle's ghost
  4522 | D:5      | Entered Level 5 of the Dungeon
  4532 | D:5      | Reached skill level 6 in Fighting
  4532 | D:5      | Reached skill level 5 in Armour
  4532 | D:5      | Reached XP level 7. HP: 62/63 MP: 6/6
  4914 | D:5      | Reached skill level 5 in Axes
  5406 | D:5      | Reached skill level 7 in Fighting
  5461 | D:5      | Identified the +6 dagger "Coluaw" {venom, Str+3}
  5502 | D:5      | HP: 3/66 [shadow imp (1)]
  5954 | D:5      | Noticed a yak
  5954 | D:5      | Noticed a yak
  5954 | D:5      | Noticed a yak
  5954 | D:5      | Noticed a yak
  5954 | D:5      | Noticed a yak
  5974 | D:5      | Killed a yak
  5975 | D:5      | Reached XP level 8. HP: 73/73 MP: 7/7
  5990 | D:5      | Reached skill level 8 in Fighting
  6036 | D:5      | Reached skill level 9 in Fighting
  6428 | D:6      | Reached XP level 9. HP: 84/84 MP: 8/8
  6663 | D:6      | Reached skill level 10 in Fighting
  6948 | D:6      | Noticed Maggie
  6957 | D:6      | HP: 2/77 [centaur/arrow (12)]
  6959 | D:6      | Demolished by Maggie

Illustrated notes

Levels and vault maps discovered:
D:1:      roderic_dead_forest, layout_basic, minivault_27
D:2:      layout_loops_ring, basic_altar, minmay_surrounded, uniq_robin,
          uniq_jessica
D:3:      cheibrodos_greedy_goblins, layout_loops_corners
D:4:      layout_gridville, tgw_sif, serial_shops, nicolae_take_the_stairs,
          ebering_ghost_rock_garden
D:5:      minmay_opposing_rooms, layout_loops_ring
D:6:      cheibrodos_helix_gallery, layout_basic, temple_hall, uniq_maggie,
          uniq_blork_the_orc

Skill      XL: |  1  2  3  4  5  6  7  8  9 |
---------------+----------------------------+-----
Fighting       | 4 5 6 7 9 10 | 10.0
Shields        | 4 5 |  5.0
Dodging        | 1 2 4 |  4.0
Axes           | 3 4 6 8 9 |  9.5
Armour         | 5 6 |  6.0

Action                   |  1- 3 |  4- 6 |  7- 9 || total
-------------------------+-------+-------+-------++-------
Melee: War axe           |    80 |   151 |    50 ||   281
       Headbutt          |     5 |    20 |    34 ||    59
       Dagger            |       |       |   128 ||   128
Throw: Javelin           |       |     4 |       ||     4
Evoke: Wand              |       |       |     1 ||     1
  Use: Scroll            |       |     2 |     2 ||     4
       Potion            |       |       |     2 ||     2
Armor: Scale mail        |    38 |    34 |       ||    72
       Plate armour      |       |    71 |    88 ||   159
Dodge: Dodged            |    42 |    57 |    53 ||   152
Block: Buckler           |    12 |    40 |    39 ||    91
